Map: Dusk Towers

Players

TMN

  • Race: Protoss Protoss
  • League: Master

Miszu - Winner!

  • Race: Terran Terran
  • League: Master

VOD

Have the link to the VOD?

Description

Time

  • Played on: April 17, 2016, 2:03 p.m.
  • Length: 6:24
Show
View Real Time Build Order
Export as new Build Order

TMN Protoss 

Build Orders: Mass Adepts 

Get SALT Encoding   

  12  0:01  Probe (Chrono Boost)  
  13  0:11  Probe (Chrono Boost)  
  14  0:17  Pylon  
  14  0:22  Probe (Chrono Boost)  
  15  0:36  Probe (Chrono Boost)  
  15  0:37  Gateway  
  16  0:43  Assimilator  
  16  0:47  Probe (Chrono Boost)  
  17  0:58  Pylon  
  17  0:59  Probe (Chrono Boost)  
  18  1:09  Probe (Chrono Boost)  
  19  1:16  Gateway  
  19  1:20  Probe (Chrono Boost)  
  20  1:28  Cybernetics Core  
  20  1:31  Probe (Chrono Boost)  
  21  1:38  Assimilator  
  21  1:42  Probe (Chrono Boost)  
  22  1:52  Probe (Chrono Boost)  
  23  2:04  Adept (Chrono Boost)  
  23  2:07  Mothership Core  
  23  2:08  Adept (Chrono Boost)  
  29  2:12  Pylon  
  29  2:27  Warp Gate (Chrono Boost)  
  29  2:28  Adept (Chrono Boost)  
  31  2:31  Adept  
  33  2:44  Pylon  
  33  2:46  Pylon  
  33  3:02  Gateway x2  
  28  3:32  Adept x2  
  32  3:46  Pylon  
  30  4:21  Adept x3  
  30  4:22  Adept  
  36  4:41  Pylon  
  36  4:42  Adept  
  36  4:43  Adept x3  
  44  5:03  Adept x2  
  44  5:04  Adept x2  
  52  5:27  Adept x4  
  26  6:01  Adept x4  
Show
View Real Time Build Order
Export as new Build Order

Miszu Terran - Winner!

Build Orders: Command Center First (CC) 

Get SALT Encoding   

  12  0:00  SCV  
  13  0:12  SCV  
  14  0:17  Supply Depot  
  14  0:24  SCV  
  15  0:39  SCV  
  16  0:51  SCV  
  17  1:01  Command Center  
  17  1:04  SCV  
  18  1:16  SCV  
  19  1:19  Barracks  
  19  1:28  SCV  
  19  1:31  Barracks  
  20  1:42  SCV  
  21  1:48  Barracks  
  21  1:54  SCV  
  22  2:06  Marine, Orbital Command  
  23  2:13  Orbital Command  
  23  2:19  Marine  
  24  2:26  Marine  
  25  2:36  Marine x2, SCV  
  28  2:44  Marine  
  28  2:45  Bunker  
  28  2:54  Bunker, Marine x2  
  30  3:02  Marine  
  30  3:03  Supply Depot, SCV x2  
  33  3:12  Marine x2  
  35  3:15  SCV  
  35  3:16  Refinery  
  35  3:20  Marine  
  34  3:28  SCV  
  34  3:29  SCV  
  34  3:30  Supply Depot x2, Marine x2  
  34  3:32  Refinery  
  38  3:40  Engineering Bay  
  38  3:52  Marine, SCV x2  
  38  3:54  Marine, Barracks Tech Lab  
  42  4:02  Supply Depot  
  42  4:04  SCV x2  
  42  4:08  Missile Turret  
  42  4:09  Marine  
  44  4:12  Marine  
  44  4:15  Marine, Stimpack  
  44  4:16  SCV x2  
  49  4:24  Missile Turret  
  49  4:27  Marine  
  49  4:28  SCV x2  
  49  4:29  Marine  
  53  4:34  Supply Depot  
  54  4:40  SCV x2  
  54  4:41  Marauder  
  54  4:43  Factory  
  57  4:52  SCV x2  
  57  4:56  Marine  
  59  5:02  Marauder  
  59  5:05  Supply Depot, Marine, SCV x2  
  64  5:14  Bunker, Marine  
  64  5:17  SCV  
  64  5:19  Bunker  
  66  5:23  Marauder  
  41  5:45  Marauder  
  38  6:00  Marine x2  
  39  6:11  Supply Depot  
  41  6:12  Supply Depot x2  
Tags
 
Add a new tag
Caveats
  • Supply blocks, unpowered buildings, or Contaminate may cause inaccurate times.
  • Supply counts are checked every 10 seconds.